 Dungeon Crawl Stone Soup version 0.28-a0-863-g8cecda6153 (webtiles) character file.

Game seed: 1952343193596202405

6173 L0rdVetinari the Destroyer (level 10, -2/51 HPs)
             Began as a Gargoyle Hedge Wizard on Nov 17, 2021.
             Was a Believer of Vehumet.
             Slain by a seven-headed hydra (8 damage)
             ... on level 1 of the Lair of Beasts.
             The game lasted 00:31:11 (12354 turns).

L0rdVetinari the Destroyer (Gargoyle Hedge Wizard) Turns: 12354, Time: 00:31:12

Health: -2/51      AC: 14    Str: 14    XL:     10   Next: 91%
Magic:  16/23      EV: 12    Int: 24    God:    Vehumet [**....]
Gold:   667        SH:  0    Dex:  9    Spells: 18/27 levels left

rFire   . . .      SeeInvis +   i - +3 scimitar (flame)
rCold   . . .      Faith    .   (no shield)
rNeg    + + .      Spirit   .   t - +2 robe {Archmagi}
rPois   ∞          Reflect  .   c - +0 hat
rElec   +          Harm     .   v - +0 cloak
rCorr   .          Rampage  .   f - +0 pair of gloves {Stlth+}
Will    .....      Archmagi +   G - +0 pair of boots
Stlth   +++.......              (no amulet)
HPRegen 0.17/turn               o - +6 ring of intelligence
MPRegen 0.18/turn               y - ring of Qeuth {rN+ SInv}

@: on blink cooldown
A: sickness immunity, AC +7, negative energy resistance 1, electricity
resistance, torment resistance 1, petrification resistance
a: Renounce Religion


You were on level 1 of the Lair of Beasts.
You worshipped Vehumet.
Vehumet was pleased with you.
You visited 3 branches of the dungeon, and saw 12 of its levels.

You collected 667 gold pieces.

Inventory:

Hand Weapons
 i - a +3 scimitar of flaming (weapon)
 n - a +1 dagger of venom
Missiles
 O - a throwing net
Armour
 c - a +0 hat (worn)
 f - a +0 pair of gloves of stealth (worn)
 t - a +2 robe of the Archmagi (worn)
 v - a +0 cloak (worn)
 G - a +0 pair of boots (worn)
 H - +0 steam dragon scales
 P - a +0 kite shield
Jewellery
 o - a +6 ring of intelligence (left hand)
 w - a ring of magical power
 y - the ring of Qeuth (right hand) {rN+ SInv}
   (You found it on level 6 of the Dungeon)

   [ring of positive energy]

   rN:        It protects you from negative energy.
   SInv:      It lets you see invisible.
 A - a ring of magical power
 B - a +6 ring of dexterity
 D - a ring of willpower
 E - a ring of resist corrosion
 J - a +4 ring of evasion
Wands
 s - a wand of digging (14)
 I - a wand of iceblast (15)
 K - a wand of charming (14)
 M - a wand of acid (14)
 N - a wand of flame (14)
Scrolls
 a - a scroll of blinking
 h - 2 scrolls of noise {unknown}
 k - a scroll of torment {unknown}
 l - 3 scrolls of immolation {unknown}
 p - 5 scrolls of teleportation
 u - a scroll of magic mapping {unknown}
 z - a scroll of fear {unknown}
 C - a scroll of fog {unknown}
 L - 2 scrolls of amnesia {unknown}
Potions
 b - a potion of invisibility {unknown}
 e - a potion of cancellation {unknown}
 g - 4 potions of curing
 j - 3 potions of lignification
 m - 2 potions of heal wounds
 q - 2 potions of brilliance
 r - 3 potions of might {unknown}
 x - 4 potions of berserk rage
 F - a potion of mutation {unknown}


   Skills:
 + Level 0.5 Fighting
 + Level 2.3 Dodging
 - Level 2.1 Stealth
 + Level 9.2 Spellcasting
 + Level 10.4 Conjurations
 - Level 0.8 Summonings
 - Level 0.8 Translocations
 + Level 5.7 Fire Magic
 + Level 4.5 Air Magic
 + Level 2.9 Poison Magic


You had 18 spell levels left.
You knew the following spells:

 Your Spells              Type           Power      Damage    Failure   Level
a - Magic Dart            Conj           100%       1d8       1%          1
b - Blink                 Tloc           44%        N/A       6%          2
c - Conjure Flame         Conj/Fire      65%        6-21      1%          3
d - Mephitic Cloud        Conj/Pois/Air  56%        N/A       1%          3

Your spell library contained the following spells:

 Spells                   Type           Power      Damage    Failure   Level
 Shock                    Conj/Air       100%       1d9       1%          1
 Apportation              Tloc           44%        N/A       4%          1
 Summon Small Mammal      Summ           88%        N/A       4%          1
 Animate Skeleton         Necr           32%        N/A       6%          1
 Slow                     Hex            64%        N/A       6%          1
 Call Imp                 Summ           22%        N/A       6%          2
 Wereblood                Tmut           16%        N/A       9%          2
 Call Canine Familiar     Summ           22%        N/A       12%         3
 Gell's Gravitas          Tloc           22%        N/A       12%         3
 Teleport Other           Tloc           22%        N/A       12%         3
 Portal Projectile        Hex/Tloc       38%        N/A       14%         3
 Leda's Liquefaction      Hex/Erth       8%         N/A       50%         4
 Dispersal                Tloc           11%        N/A       99%         6
 Summon Hydra             Summ           11%        N/A       100%        7
 Sublimation of Blood     Necr           Unusable   N/A       N/A         2

Dungeon Overview and Level Annotations

Branches:
Dungeon (10/15)            Temple (0/1) D:7            Lair (1/6) D:10
    Orc (1/2) D:10

Altars:
Dithmenos
Hepliaklqana
Vehumet
Yredelemnul
Beogh

Shops:
Orc:1 (


Innate Abilities, Weirdness & Mutations

You are immune to sickness and miasma.
Your stone body is resilient. (AC +7)
You are immune to poison.
You resist negative energy. (rN+)
You are resistant to electric shocks. (rElec)
You are resistant to unholy torment.
You are immune to petrification.


Message History

Confirm with . or Enter, or press ? or * to list all spells.
You feel a surge of power!
The fire begins to smoulder!
The eight-headed hydra roars!
The fire ignites!
Casting: Conjure Flame (safe; 1% risk of failure)
Confirm with . or Enter, or press ? or * to list all spells.
You feel a surge of power!
The fire begins to smoulder!
The fire ignites!
Unknown command.
You completely miss the eight-headed hydra.
The eight-headed hydra is engulfed in blazing flames.
The eight-headed hydra bites you but does no damage. x2
The eight-headed hydra bites you. x2
The eight-headed hydra bites you but does no damage.
The eight-headed hydra misses you.
The eight-headed hydra bites you but does no damage.
The eight-headed hydra closely misses you.
The eight-headed hydra is engulfed in blazing flames.
The eight-headed hydra bites you but does no damage.
The eight-headed hydra barely misses you.
The eight-headed hydra bites you but does no damage. x2
The eight-headed hydra bites you! x2
The eight-headed hydra barely misses you.
The eight-headed hydra bites you but does no damage.
You hack one of the eight-headed hydra's heads off!
The flame cauterises the wound!
You hit the seven-headed hydra. You burn the seven-headed hydra.
The seven-headed hydra is moderately wounded.
The seven-headed hydra is engulfed in blazing flames.
The seven-headed hydra bites you but does no damage. x2
The seven-headed hydra misses you. The seven-headed hydra bites you.
The seven-headed hydra bites you!
* * * LOW HITPOINT WARNING * * *
The seven-headed hydra bites you but does no damage. x2
Casting: Conjure Flame (safe; 1% risk of failure)
Confirm with . or Enter, or press ? or * to list all spells.
You feel a surge of power!
You blink.
The seven-headed hydra is engulfed in blazing flames.
The seven-headed hydra misses you. The seven-headed hydra bites you!
You die...

..# ##D.............
#..## ##..#............
##...#
#..##...........#
......##..###.........#
.........###.........#
..........####......#
........### ##......#
.........####..§....#
..............@D§.### #
.......#...........##
##
.....####..#.#......###
##. ...##
#..#####......# #.. ...
#...#####.....## ####..
.#
##....####.....##.##...
##........#.....###...
#........###....##...
#.........# ##........


You could see a seven-headed hydra.

Vanquished Creatures
  Erica (D:8)
  A two-headed ogre (D:8)
  Maggie (D:7)
  A cane toad (Lair:1)
  Prince Ribbit (D:5)
  A wraith (D:9)
  A steam dragon (D:9)
  A basilisk (Lair:1)
  Menkaure (D:6)
  2 acid dragons
  Edmund (D:6)
  A water moccasin (D:9)
  Duvessa (D:7)
  A black bear (D:5)
  An ice beast (D:6)
  A sky beast (D:10)
  A hornet zombie (D:8)
  2 orc warriors (D:9)
  5 ogres (D:6)
  2 centaurs
  3 kobold brigands
  A wyvern zombie (D:6)
  A gnoll sergeant (D:9)
  4 bullfrogs
  A scorpion (D:5)
  A wyvern skeleton (D:7)
  Dowan (D:7)
  3 killer bees (D:9)
  2 howler monkeys
  3 electric eels (D:8)
  3 centaur zombies
  A hound (D:6)
  3 centaur skeletons
  2 gnoll shamans (D:6)
  4 orc priests
  Crazy Yiuf (D:3)
  7 iguanas
  2 orc wizards
  2 howler monkey zombies
  A mummy (D:7)
  9 gnolls
  6 adders
  2 shadow imps (D:6)
  2 white imps
  A worm (D:2)
  3 dart slugs
  17 orcs
  2 endoplasms
  A giant cockroach (D:3)
  13 goblins
  6 hobgoblins
  3 quokkas (D:1)
  3 ball pythons
  5 bats
  A frilled lizard (D:1)
  A hobgoblin zombie (D:7)
  17 kobolds
  A kobold zombie (D:7)
  2 orc zombies (D:7)
  5 rats (D:1)
173 creatures vanquished.

Vanquished Creatures (others)
  2 fungi
  12 plants (D:8)
  3 toadstools (D:3)
17 creatures vanquished.

Grand Total: 190 creatures vanquished

Notes
Turn   | Place    | Note
-------+----------+-------------------------------------------
     0 | D:1      | L0rdVetinari the Gargoyle Hedge Wizard began the quest for
                  | the Orb.
     0 | D:1      | Reached XP level 1. HP: 10/10 MP: 4/4
   472 | D:1      | Reached XP level 2. HP: 15/15 MP: 1/6
   522 | D:1      | Learned a level 2 spell: Blink
  1222 | D:1      | Reached XP level 3. HP: 19/19 MP: 4/8
  1380 | D:2      | Reached skill level 2 in Conjurations
  2002 | D:2      | Learned a level 3 spell: Conjure Flame
  2006 | D:2      | Learned a level 3 spell: Mephitic Cloud
  2068 | D:2      | Reached XP level 4. HP: 24/24 MP: 7/10
  2097 | D:2      | You fall into a shaft and drop 2 floors!
  2128 | D:5      | Entered Level 5 of the Dungeon
  2265 | D:4      | Reached skill level 3 in Conjurations
  2375 | D:4      | Reached XP level 5. HP: 28/28 MP: 7/11
  2626 | D:4      | Reached skill level 4 in Conjurations
  3586 | D:3      | Found a faded altar of an unknown god.
  3838 | D:3      | Found a runed translucent door.
  3839 | D:3      | Noticed Crazy Yiuf
  3848 | D:3      | Killed Crazy Yiuf
  3849 | D:3      | Reached skill level 1 in Fire Magic
  4462 | D:5      | Reached skill level 1 in Air Magic
  4462 | D:5      | Reached XP level 6. HP: 32/32 MP: 8/12
  4757 | D:5      | Found a shadowy altar of Dithmenos.
  4758 | D:5      | Noticed a shadow
  4761 | D:5      | Found a hazy altar of Hepliaklqana.
  4762 | D:5      | You fall into a shaft and drop 2 floors!
  4896 | D:7      | Noticed Maggie
  5058 | D:6      | Identified the ring of Qeuth {rN+ SInv}
  5125 | D:5      | Noticed a black bear
  5132 | D:6      | Found a radiant altar of Vehumet.
  5142 | D:6      | Became a worshipper of Vehumet
  5176 | D:6      | Reached XP level 7. HP: 36/36 MP: 9/13
  5237 | D:6      | Noticed Edmund
  5868 | D:6      | Reached skill level 5 in Spellcasting
  5868 | D:6      | Reached XP level 8. HP: 35/41 MP: 6/15
  5879 | D:6      | Reached skill level 5 in Conjurations
  6007 | D:6      | Killed Edmund
  6282 | D:6      | Noticed Menkaure
  6289 | D:6      | Killed Menkaure
  6290 | D:6      | Reached skill level 6 in Conjurations
  6432 | D:6      | Reached * piety under Vehumet
  6432 | D:6      | Offered knowledge of Freeze by Vehumet.
  6872 | D:6      | Reached XP level 9. HP: 45/45 MP: 10/18
  7311 | D:5      | Reached skill level 7 in Conjurations
  7605 | D:5      | Noticed Prince Ribbit
  7622 | D:5      | Killed Prince Ribbit
  8047 | D:7      | Reached skill level 1 in Poison Magic
  8130 | D:7      | Killed Maggie
  8286 | D:7      | Reached skill level 8 in Conjurations
  8411 | D:7      | Found a staircase to the Ecumenical Temple.
  8560 | D:7      | Noticed Dowan
  8563 | D:7      | Noticed Duvessa
  8574 | D:7      | Killed Dowan
  8587 | D:7      | Killed Duvessa
  8826 | D:8      | Noticed Erica
  8840 | D:8      | Killed Erica
  8841 | D:8      | Reached skill level 5 in Fire Magic
  8841 | D:8      | Reached XP level 10. HP: 33/50 MP: 12/22
  9066 | D:8      | Reached skill level 9 in Conjurations
  9408 | D:8      | Noticed a two-headed ogre
  9438 | D:8      | Killed a two-headed ogre
 10543 | D:9      | Offered knowledge of Shock by Vehumet.
 10599 | D:9      | Reached ** piety under Vehumet
 10836 | D:9      | Reached skill level 10 in Conjurations
 11212 | D:10     | Entered Level 10 of the Dungeon
 11388 | D:10     | Found a staircase to the Orcish Mines.
 11403 | D:10     | Noticed a fire dragon
 11405 | D:10     | Found a basalt altar of Yredelemnul.
 11756 | Orc:1    | Entered Level 1 of the Orcish Mines
 11756 | Orc:1    | Noticed an orc high priest
 11756 | Orc:1    | Found Aphi's Firing Range.
 11763 | D:10     | HP: 1/50 [fire dragon/blast of flame (34)]
 11768 | D:10     | HP: 2/50 [orc priest/divine providence (17)]
 11786 | D:10     | Found a staircase to the Lair.
 11896 | Lair:1   | Entered Level 1 of the Lair of Beasts
 12240 | Lair:1   | Noticed a cane toad
 12258 | Lair:1   | Killed a cane toad
 12280 | Lair:1   | Noticed an eight-headed hydra
 12354 | Lair:1   | Slain by a seven-headed hydra

Illustrated notes

Levels and vault maps discovered:
D:1:      psy_arrival_terrarium, layout_basic, grunt_decor_resistance
D:2:      layout_rooms
D:3:      layout_basic, shapermc_ecumenical_altar_pompeii,
          minmay_gold_behind_fungi, uniq_crazy_yiuf_cottage, uniq_robin
D:4:      layout_cave_pools
D:5:      layout_basic, riverfiend_overflow_shadow_ancestor, uniq_prince_ribbit1
D:6:      layout_loops_ring, nicolae_vehumet_radiance, minmay_divided_ellipse,
          uniq_menkaure, uniq_edmund
D:7:      layout_cave_pools, temple_hall, minmay_mini_ossuary, uniq_duvessa,
          uniq_maggie
D:8:      layout_rooms, serial_bayou_lagoon_b, uniq_erica
D:9:      layout_basic
D:10:     layout_cave_pools, mainiacjoe_overflow_alcove_1,
          amethyst_overflow_temple_binary, minmay_lair_entry_lava,
          minmay_orc_entry_temple_small, serial_rivers,
          chequers_serial_rivers_micro_c, chequers_serial_rivers_room_b,
          chequers_serial_rivers_micro_c, chequers_serial_rivers_micro_c,
          chequers_serial_rivers_small_3, chequers_serial_rivers_micro_a,
          nicolae_trove_entry_path_of_doom, hangedman_misty_isle
Lair:1:   layout_cave_pods
Orc:1:    layout_caves, statue_in_the_mist_lemuel, nicolae_shop_firing_range

Skill      XL: |  1  2  3  4  5  6  7  8  9 10 |
---------------+-------------------------------+-----
Conjurations   | 2 3 4 6 8 10 | 10.4
Spellcasting   | 4 5 6 8 9 |  9.2
Fire Magic     | 1 3 4 5 |  5.7
Air Magic      | 1 2 3 4 |  4.5
Poison Magic   | 2 |  2.9
Dodging        | 2 |  2.3
Fighting       | |  0.5
Stealth        | |  2.1
Summonings     | |  0.8
Translocations | |  0.8

Action                   |  1- 3 |  4- 6 |  7- 9 | 10-12 || total
-------------------------+-------+-------+-------+-------++-------
Melee: Dagger            |    42 |    85 |   102 |   101 ||   330
       Scimitar          |       |       |       |     2 ||     2
 Cast: Magic Dart        |    77 |    60 |   148 |   101 ||   386
       Conjure Flame     |       |     6 |    20 |    15 ||    41
       Mephitic Cloud    |       |     1 |    18 |    12 ||    31
       Blink             |       |     1 |     2 |     6 ||     9
  Use: Scroll            |       |       |     7 |     5 ||    12
       Potion            |       |       |       |     2 ||     2
 Stab: Sleeping          |       |     3 |     1 |       ||     4
       Confused          |       |     2 |     6 |     5 ||    13
Armor: Robe              |    24 |    54 |    35 |    67 ||   180
Dodge: Dodged            |    30 |    69 |    53 |    66 ||   218

Table legend: (Time is in decaauts)
 A = Elapsed time spent in this place.
 B = Non-inter-level travel time spent in this place.
 C = Inter-level travel time spent in this place.
 D = Time resting spent in this place.
 E = Time spent auto-exploring this place.
 F = Levels seen in this place.
 G = Mean time per level.
                   A        B        C        D        E       F      G
               +--------+--------+--------+--------+--------+-----+--------+
         Total |  12384 |  11872 |    512 |   4542 |   5170 |  12 | 1032.0 |
       Dungeon |  11924 |  11412 |    512 |   4201 |   5170 |  10 | 1192.4 |
          Lair |    458 |    458 |      0 |    341 |      0 |   1 |  458.0 |
  Orcish Mines |      1 |      1 |      0 |      0 |      0 |   1 |    1.0 |
               +--------+--------+--------+--------+--------+-----+--------+

Top non-repeatable levels by time:
     D:6: 2306 daAuts
     D:9: 1830 daAuts
     D:1: 1604 daAuts
     D:3: 1123 daAuts
     D:4: 1098 daAuts
     D:7: 1081 daAuts
     D:8: 913 daAuts
     D:5: 899 daAuts
     D:2: 698 daAuts
  Lair:1: 458 daAuts
    D:10: 367 daAuts
   Orc:1: 1 daAuts
